 Dungeon Crawl Stone Soup version 0.26-a0-852-g6321bf7485 (webtiles) character file.

Game seed: 9095632584058094963

39 gishou the Vandal (level 3, 13/24 HPs)
             Began as a Halfling Hunter on Nov 21, 2020.
             Quit the game on level 3 of the Dungeon.
             The game lasted 00:02:42 (1599 turns).

gishou the Vandal (Halfling Hunter)                 Turns: 1599, Time: 00:02:43

Health: 13/24      AC:  8    Str: 14    XL:     3   Next: 70%
Magic:  3/3        EV:  9    Int:  9    God:
Gold:   68         SH:  0    Dex: 14    Spells: 2/2 levels left

rFire    . . .     SeeInvis .   b - +0 short sword
rCold    . . .     Faith    .   (shield restricted)
rNeg     . . .     Spirit   .   e - +0 chain mail (curse)
rPois    .         Reflect  .   (no helmet)
rElec    .         Harm     .   (no cloak)
rCorr    .         Rampage  .   (no gloves)
MR       .....                  (no boots)
Stlth    ..........             (no amulet)
HPRegen  0.08/turn              (no ring)
MPRegen  0.08/turn              (no ring)

@: seriously poisoned (13 -> 4), slowed, very slow
A: small, mutation resistance 1
a: no special abilities


You were on level 3 of the Dungeon.
You visited 1 branch of the dungeon, and saw 3 of its levels.

You collected 68 gold pieces.

Inventory:

Hand Weapons
 a - a +1 hunting sling
 b - a +0 short sword (weapon)
 f - a +1 whip of pain
Missiles
 d - 42 sling bullets
 i - 102 stones (quivered)
Armour
 e - a cursed +0 chain mail (worn)
Scrolls
 c - a scroll of enchant armour
 h - a scroll of fog {unknown}
 j - a scroll of immolation {unknown}
 k - 2 scrolls of blinking
 l - a scroll of fear {unknown}
 n - a scroll of remove curse {unknown}
Potions
 g - a potion of heal wounds
 m - 2 potions of attraction


   Skills:
 + Level 2.1 Fighting
 * Level 6.4 Slings
 + Level 1.1 Armour
 + Level 2.6 Dodging
 - Level 1.1 Stealth
 + Level 1.1 Shields


You had 2 spell levels left.
You didn't know any spells.
Your spell library was empty.

Dungeon Overview and Level Annotations

Branches:
Dungeon (3/15)

Altars:
Nemelex Xobeh
Vehumet


Innate Abilities, Weirdness & Mutations

You are small and have problems with some larger weapons.
You are somewhat resistant to further mutation.


Message History

The giant cockroach closely misses you.
You hit the giant cockroach but do no damage.
You feel sick.
The giant cockroach bites you but does no damage.
The rat barely misses you. The giant cockroach barely misses you.
You hit the giant cockroach.
The giant cockroach is heavily wounded.
You feel sick. The giant cockroach barely misses you.
The rat bites you but does no damage.
A kobold comes into view. It is wielding a +0 dagger.
The giant cockroach bites you but does no damage.
The rat bites you but does no damage.
You hit the giant cockroach.
The giant cockroach is severely wounded.
You feel sick.
The giant cockroach bites you but does no damage.
The kobold hits you but does no damage. The rat bites you but does no damage.
The worm bites you but does no damage. The giant cockroach closely misses you.
The kobold hits you but does no damage. The rat barely misses you.
Are you sure you want to abandon this character and quit the game? (Confirm with "yes".)

..........#8##
#.............
##............
#......K.....
#..........#
#...!......#
#..(..wKg..#
#.....B@.<.#
##....r...##
#......(....
#..........##
#..........#
############


You could see a worm, a giant cockroach, a goblin, 2 kobolds and a rat.

Vanquished Creatures
  An adder (D:2)
  A worm (D:2)
  2 dart slugs
  2 goblins (D:1)
  2 hobgoblins (D:1)
  5 kobolds
  A quokka (D:2)
  2 ball pythons (D:2)
  4 bats
  3 frilled lizards
  A rat (D:1)
24 creatures vanquished.

Notes
Turn   | Place    | Note
-------+----------+-------------------------------------------
     0 | D:1      | gishou the Halfling Hunter began the quest for the Orb.
     0 | D:1      | Reached XP level 1. HP: 14/14 MP: 1/1
   181 | D:1      | Reached skill level 6 in Slings
   183 | D:1      | Reached XP level 2. HP: 19/19 MP: 2/2
   825 | D:2      | Reached XP level 3. HP: 24/24 MP: 3/3
  1043 | D:2      | Reached skill level 1 in Armour
  1109 | D:2      | Reached skill level 1 in Shields
  1139 | D:2      | Found a radiant altar of Vehumet.
  1329 | D:2      | Found a sparkling altar of Nemelex Xobeh.
  1599 | D:3      | Quit the game

Illustrated notes

Levels and vault maps discovered:
D:1:      dpeg_arrival_concentric_ovals, layout_basic
D:2:      layout_loops_corners, old_standard_altar, serial_bayou,
          serial_bayou_pond_b, serial_bayou_pond_a, serial_bayou_pond_e,
          serial_bayou_pond_e, nemelex_spade_bored_becter
D:3:      layout_rooms, led_sif_book, gammafunk_temple_overflow_arena,
          serial_corexii_hall, corexii_hall_statues_s, chequers_hall_statues_y,
          corexii_hall_statues_deadend, portal_sewer_entry_d

Skill      XL: |  1  2  3 |
---------------+----------+-----
Slings         | 6 |  6.4
Fighting       | 2 |  2.1
Armour         | 1 |  1.1
Shields        | 1 |  1.1
Dodging        | |  2.6
Stealth        | |  1.1

Action                   || total
-------------------------++-------
Melee: Short sword       ||     3
 Fire: Hunting sling     ||    73
  Use: Scroll            ||     6
Armor: Chain mail        ||    17
Dodge: Dodged            ||    18

Table legend: (Time is in decaauts)
 A = Elapsed time spent in this place.
 B = Non-inter-level travel time spent in this place.
 C = Inter-level travel time spent in this place.
 D = Time resting spent in this place.
 E = Time spent auto-exploring this place.
 F = Levels seen in this place.
 G = Mean time per level.
                   A        B        C        D        E       F      G
               +--------+--------+--------+--------+--------+-----+--------+
         Total |   1596 |   1524 |     72 |      0 |   1360 |   3 |  532.0 |
       Dungeon |   1596 |   1524 |     72 |      0 |   1360 |   3 |  532.0 |
               +--------+--------+--------+--------+--------+-----+--------+

Top non-repeatable levels by time:
     D:2: 938 daAuts
     D:1: 649 daAuts
     D:3: 8 daAuts
